 Dungeon Crawl Stone Soup version 0.21.1-1-g345015f (webtiles) character file.

2951 erloom the Grappler (level 9, -4/92 HPs)
             Began as a Troll Berserker on Mar 18, 2018.
             Was an Elder of Trog.
             Killed from afar by a steam dragon (17 damage)
             ... with a ball of steam
             ... on level 7 of the Dungeon.
             The game lasted 00:15:06 (5886 turns).

erloom the Grappler (Troll Berserker)               Turns: 5886, Time: 00:15:06

Health: -4/92      AC:  5    Str: 28    XL:     9   Next: 51%
Magic:  8/8        EV: 12    Int: 11    God:    Trog [****..]
Gold:   319        SH:  0    Dex:  9    Spells: 8/8 levels left

rFire    . . .     SeeInvis .     - Unarmed
rCold    . . .     Gourm    +   (no shield)
rNeg     . . .     Faith    .   a - +0 animal skin
rPois    +         Spirit   .   (helmet restricted)
rElec    .         Reflect  .   (no cloak)
rCorr    .         Harm     .   (gloves unavailable)
MR       .....                  (boots unavailable)
Stlth    +.........             (no amulet)
HPRegen  0.65/turn              e - +6 ring of intelligence
MPRegen  0.11/turn              x - ring of poison resistance

@: no status effects
A: large, unfitting armour, claws 3, fast metabolism 3, gourmand, regeneration
1, shaggy fur 1, tough skin 2
a: Berserk, Trog's Hand, Brothers in Arms, Burn Spellbooks, Renounce Religion


You were on level 7 of the Dungeon.
You worshipped Trog.
Trog was greatly pleased with you.
You were very full.

You visited 1 branch of the dungeon, and saw 7 of its levels.
You also visited: Ossuary.

You collected 599 gold pieces.
You spent 280 gold pieces at shops.

Inventory:

Hand Weapons
 v - a +0 arbalest
 w - a +6 flail of protection
 z - a +4 war axe
 I - a cursed +0 broad axe
Missiles
 r - a throwing net (quivered)
 y - 4 javelins of penetration
Armour
 a - a +0 animal skin (worn)
 u - a +0 large shield
Jewellery
 e - a +6 ring of intelligence (left claw)
 x - a ring of poison resistance (right claw)
Wands
 A - a wand of random effects (37)
 B - a wand of flame (30)
 C - a wand of acid (5)
 D - a wand of polymorph (12)
Scrolls
 d - 2 scrolls of immolation {unknown}
 i - a scroll of fog
 j - 7 scrolls of teleportation
 k - 2 scrolls of magic mapping
 l - a scroll of fear {unknown}
 o - 4 scrolls of remove curse
 F - a scroll of brand weapon {unknown}
 H - a scroll of enchant armour {unknown}
Potions
 c - 3 potions of brilliance
 f - 2 potions of mutation
 g - 2 potions of curing
 h - 3 potions of haste
 m - 3 potions of cancellation {unknown}
 n - 3 potions of flight {unknown}
 p - 3 potions of resistance {unknown}
 q - 4 potions of berserk rage {unknown}
 s - a potion of agility {unknown}
 t - a potion of lignification {unknown}
 E - 4 potions of heal wounds {unknown}
Comestibles
 b - 12 rations


   Skills:
 + Level 6.8 Fighting
 + Level 6.9 Dodging
 + Level 8.3 Unarmed Combat


You had 8 spell levels left.
You didn't know any spells.

Dungeon Overview and Level Annotations

Branches:
Dungeon (7/15)             Temple (0/1) D:4

Altars:
Cheibriados
Elyvilon
Nemelex Xobeh
Okawaru
Qazlal
Trog
Wu Jian
Xom
Yredelemnul
Zin
The Shining One

Shops:
D:4 *   D:5 [


Innate Abilities, Weirdness & Mutations

You are too large for most types of armour.
You have claws for hands.
Your metabolism is lightning-fast.
You like to eat raw meat.
Your natural rate of healing is unusually fast.
You are covered in fur. (AC +1)
You have very tough skin. (AC +2)


Message History

You barely miss the bullfrog.
The bullfrog is lightly wounded.
The bullfrog hits you but does no damage.
You mangle the bullfrog!!
You kill the bullfrog!
Trog accepts your kill.
The orc warrior returns to its original shape as it dies.
You scratch something but do no damage. Something barely misses you.
Something hits you. The steam dragon breathes steam at you.
The ball of steam hits the adder.
The adder dies!
The ball of steam hits something.
The ball of steam hits you!
* * * LOW HITPOINT WARNING * * *
Reactivating autopickup.
You are engulfed in a cloud of scalding steam.
* * * LOW HITPOINT WARNING * * *
The steam dragon breathes steam at you. The ball of steam hits you!
You die...

### ######.######
#§@§Doo..÷..#
###########.#
#.o...# #.#
#o###.## #.#
#.#....# #S#
#o#.#..# #D#
#.#.#..# #o#
#o#....###'#######
#o####.o..o.......


You could see a steam dragon and 2 orcs.

Vanquished Creatures
  Pikel (D:6)
  Prince Ribbit (D:7)
  Menkaure (D:4)
  2 water moccasins (D:4)
  Edmund (D:4)
  2 black bears (D:6)
  An orc warrior (D:7)
  2 slaves (D:6)
  Blork the orc (D:6)
  4 bullfrogs
  4 scorpions
  A howler monkey (D:4)
  3 crimson imps
  A centaur zombie (D:5)
  2 hounds
  A jelly (D:7)
  2 centaur skeletons
  An orc priest (D:7)
  7 orc wizards
  An iguana (D:5)
  5 worker ants
  4 mummies
  A howler monkey zombie (D:6)
  2 worker ant zombies
  12 adders
  2 shadow imps (D:6)
  An ooze (D:1)
  An adder skeleton (D:4)
  6 adder zombies
  2 dart slugs
  4 leopard geckos
  16 orcs
  6 bats
  2 giant cockroaches
  8 goblins
  7 hobgoblins
  5 jackals
  8 quokkas
  2 ball pythons
  4 frilled lizards
  4 goblin zombies (Ossuary)
  9 kobolds
  A kobold zombie (Ossuary)
  A leopard gecko zombie (D:7)
  5 quokka zombies
  10 rats
  4 rat zombies (Ossuary)
171 creatures vanquished.

Vanquished Creatures (others)
  A slave (D:6)
  An orc wizard (D:7)
  An adder (D:7)
3 creatures vanquished.

Grand Total: 174 creatures vanquished

Notes
Turn   | Place    | Note
-------+----------+-------------------------------------------
     0 | D:1      | erloom the Troll Berserker began the quest for the Orb.
     0 | D:1      | Reached XP level 1. HP: 22/22 MP: 0/0
   116 | D:1      | Reached XP level 2. HP: 28/29 MP: 1/1
   367 | D:1      | Reached XP level 3. HP: 36/36 MP: 2/2
   603 | D:1      | Reached ** piety under Trog
   839 | D:2      | Reached XP level 4. HP: 36/45 MP: 3/3
  1195 | D:2      | Found a glowing silver altar of Zin.
  1197 | D:2      | Found a glowing golden altar of the Shining One.
  1198 | D:2      | Found a white marble altar of Elyvilon.
  1522 | D:3      | Reached skill level 4 in Unarmed Combat
  1583 | D:3      | Found an iron altar of Okawaru.
  1584 | D:3      | Found a shimmering altar of Xom.
  1874 | D:3      | Found an ornate altar of the Wu Jian Council.
  2214 | D:3      | Reached XP level 5. HP: 51/53 MP: 4/4
  2364 | D:4      | Found Herupo's Serpentskin Sales.
  2364 | D:4      | Noticed a water moccasin
  2364 | D:4      | Noticed a water moccasin
  2370 | D:4      | Killed a water moccasin
  2370 | D:4      | Reached *** piety under Trog
  2370 | D:4      | Reached XP level 6. HP: 62/62 MP: 5/5
  2372 | D:4      | Killed a water moccasin
  2468 | D:4      | Reached skill level 5 in Unarmed Combat
  2486 | D:4      | Found a basalt altar of Yredelemnul.
  2502 | D:4      | Found a stormy altar of Qazlal.
  2556 | D:4      | Noticed Menkaure
  2580 | D:4      | Killed Menkaure
  2580 | D:4      | Reached XP level 7. HP: 71/71 MP: 6/6
  2973 | D:4      | Noticed Edmund
  2984 | D:4      | Killed Edmund
  3072 | D:4      | Found a staircase to the Ecumenical Temple.
  3801 | D:5      | Entered Level 5 of the Dungeon
  3867 | D:5      | Found Xoliuck's Armour Emporium.
  3931 | D:5      | Reached skill level 5 in Dodging
  3940 | D:5      | Reached skill level 6 in Unarmed Combat
  3966 | D:5      | Reached skill level 5 in Fighting
  4003 | D:5      | Reached XP level 8. HP: 80/80 MP: 7/7
  4082 | D:4      | Bought an uncursed ring of poison resistance for 280 gold pieces
  4151 | D:5      | Received a gift from Trog
  4722 | D:6      | Found a sand-covered staircase.
  4731 | Ossuary  | Entered an ossuary
  4823 | Ossuary  | Reached **** piety under Trog
  4998 | D:6      | Noticed Pikel
  5024 | D:6      | Killed Pikel
  5024 | D:6      | Reached skill level 7 in Unarmed Combat
  5157 | D:6      | Found a snail-covered altar of Cheibriados.
  5292 | D:6      | Found a sparkling altar of Nemelex Xobeh.
  5318 | D:6      | Reached XP level 9. HP: 89/89 MP: 8/8
  5472 | D:6      | Found a bloodstained altar of Trog.
  5476 | D:6      | Noticed Blork the orc
  5483 | D:6      | Killed Blork the orc
  5691 | D:7      | Noticed Prince Ribbit
  5696 | D:7      | Killed Prince Ribbit
  5696 | D:7      | Reached skill level 8 in Unarmed Combat
  5886 | D:7      | Killed from afar by a steam dragon

Skill      XL: |  1  2  3  4  5  6  7  8  9 |
---------------+----------------------------+-----
Fighting       | 3 4 5 6 |  6.8
Dodging        | 3 4 5 6 |  6.9
Unarmed Combat | 4 5 6 7 8 |  8.3

Action                   |  1- 3 |  4- 6 |  7- 9 || total
-------------------------+-------+-------+-------++-------
Melee: Unarmed           |   123 |   110 |   326 ||   559
       Punch             |     1 |     1 |    13 ||    15
Invok: Berserk           |       |     1 |     2 ||     3
       Trog's Hand       |       |       |     1 ||     1
Evoke: Wand              |       |       |     4 ||     4
  Use: Scroll            |       |       |    10 ||    10
  Eat: Chunk             |    13 |    17 |    31 ||    61
Armor: Animal skin       |    61 |    20 |    69 ||   150
Dodge: Dodged            |    81 |    57 |   155 ||   293
